 Dungeon Crawl Stone Soup version 0.23.2-40-g277498a (webtiles) character file.

Game seed: 8774607674295731640

100 silentkaos13 the Skirmisher (level 4, -4/40 HPs)
             Began as a Draconian Monk on Oct 8, 2019.
             Killed from afar by an orc wizard (5 damage)
             ... with a puff of flame
             ... on level 3 of the Dungeon.
             The game lasted 00:03:08 (1911 turns).

silentkaos13 the Skirmisher (Draconian Monk)        Turns: 1911, Time: 00:03:08

Health: -4/40      AC:  7    Str: 14    XL:     4   Next: 47%
Magic:  4/4        EV: 19    Int: 11    God:
Gold:   151        SH:  0    Dex: 18    Spells: 3/3 levels left

rFire    . . .     SeeInvis .   a - +0 falchion
rCold    . . .     Gourm    .   (no shield)
rNeg     . . .     Faith    .   (armour unavailable)
rPois    .         Spirit   .   (helmet restricted)
rElec    .         Reflect  .   (no cloak)
rCorr    .         Harm     .   h - +0 pair of gloves
MR       .....                  q - +0 pair of boots
Stlth    ++........             (no amulet)
HPRegen  0.13/turn              (no ring)
MPRegen  0.09/turn              (no ring)

@: confused, agile
A: unfitting armour, cold-blooded, AC +5
a: no special abilities


You were on level 3 of the Dungeon.
You were not hungry.

You visited 1 branch of the dungeon, and saw 3 of its levels.

You collected 151 gold pieces.

Inventory:

Hand Weapons
 a - a +0 falchion (weapon)
Armour
 h - a +0 pair of gloves (worn)
 q - a +0 pair of boots (worn)
Jewellery
 e - an uncursed amulet of guardian spirit {unknown}
 f - an uncursed ring of ice {unknown}
Wands
 r - a wand of enslavement (5)
Scrolls
 c - 2 scrolls of identify {unknown}
 g - a scroll of fog {unknown}
 j - a scroll of enchant armour {unknown}
 l - 2 scrolls of enchant weapon {unknown}
 m - a scroll of random uselessness {unknown}
 o - a scroll of teleportation {unknown}
Potions
 i - 3 potions of curing
 k - a potion of brilliance {unknown}
 p - a potion of might {unknown}
Comestibles
 b - 5 rations


   Skills:
 + Level 4.0 Fighting
 + Level 3.9 Long Blades
 + Level 3.4 Dodging
 + Level 2.2 Stealth


You had 3 spell levels left.
You didn't know any spells.
Your spell library was empty.

Dungeon Overview and Level Annotations

Branches:
Dungeon (3/15)

Altars:
Dithmenos
Ru
Sif Muna
Xom


Innate Abilities, Weirdness & Mutations

Your plain brown scales are hard. (AC +5)
You cannot fit into any form of body armour.
You are cold-blooded and may be slowed by cold attacks.


Message History

You barely miss something. Something hits you.
* * * LOW HITPOINT WARNING * * *
You barely miss something. You tail-slap something. Something hits you.
* * * LOW HITPOINT WARNING * * *
It was a potion of curing.
You feel better. Something hits you but does no damage.
You closely miss something. Something hits you but does no damage.
You miss something. Something hits you.
* * * LOW HITPOINT WARNING * * *
You hit something.
You hear some strange, mumbled words.
You are confused.
You barely miss something. Something hits you!
* * * LOW HITPOINT WARNING * * *
It was a potion of agility.
You feel agile all of a sudden.
You hear some strange, mumbled words.
A puff of flame appears from out of thin air!
The puff of flame hits you.
You die...

#.. #.# #...#
#.# #.###...#
##.# #.......#
...#
.#########..##
..#
............#
..# ######.#####
#.# #######.#
#.# #.....#.#
#[######.###.#@#
#..<.....<.#.#{#
#.######.#.#.#o#
#.# #.....#.#
#.# ###.###.#
###.## #^# #.#
.....# #.# #.#
###..# #.# #.# .
#..# #.# #.#


You could see an orc.

Vanquished Creatures
  An orc wizard (D:3)
  An adder (D:2)
  An ooze (D:1)
  2 worms (D:2)
  2 dart slugs
  4 leopard geckos
  3 orcs (D:3)
  A ball python (D:2)
  5 giant cockroaches
  A goblin (D:1)
  4 hobgoblins
  3 quokkas (D:3)
  6 bats
  4 frilled lizards
  3 kobolds
  5 rats
46 creatures vanquished.

Notes
Turn   | Place    | Note
-------+----------+-------------------------------------------
     0 | D:1      | silentkaos13 the Draconian Monk began the quest for the
                  | Orb.
     0 | D:1      | Reached XP level 1. HP: 19/19 MP: 1/1
   189 | D:1      | Reached XP level 2. HP: 26/26 MP: 2/2
   694 | D:2      | Reached XP level 3. HP: 33/33 MP: 3/3
   841 | D:2      | Found a shadowy altar of Dithmenos.
  1731 | D:3      | Found a deep blue altar of Sif Muna.
  1745 | D:3      | Found a shimmering altar of Xom.
  1747 | D:3      | Found a shimmering altar of Xom.
  1748 | D:3      | Found a shimmering altar of Xom.
  1748 | D:3      | Found a shimmering altar of Xom.
  1748 | D:3      | Found a shimmering altar of Xom.
  1777 | D:3      | Reached XP level 4. HP: 38/40 MP: 4/4
  1810 | D:3      | Found a sacrificial altar of Ru.
  1882 | D:3      | Reached skill level 4 in Fighting
  1905 | D:3      | HP: 2/40 [something (3)]
  1910 | D:3      | HP: 1/40 [something (7)]
  1911 | D:3      | Killed from afar by an orc wizard

Skill      XL: |  1  2  3  4 |
---------------+-------------+-----
Dodging        | 3 |  3.4
Stealth        | 2 |  2.2
Fighting       | 4 |  4.0
Long Blades    | |  3.9

Action                   |  1- 3 |  4- 6 || total
-------------------------+-------+-------++-------
Melee: Falchion          |   114 |    36 ||   150
       Tailslap          |    21 |     4 ||    25
  Use: Potion            |       |     2 ||     2
 Stab: Sleeping          |     4 |       ||     4
  Eat: Chunk             |     3 |       ||     3
Armor: Skin              |    39 |    15 ||    54
Dodge: Dodged            |    83 |    12 ||    95
       Rpst.: Falchion   |    28 |     3 ||    31
